 Dungeon Crawl Stone Soup version 0.29.0-4-gdea44cf6ec (webtiles) character file.

Game seed: 9311902258169144970

144 qw the Chopper (level 5, -2/30 HPs)
             Began as a Tengu Warper on Aug 28, 2022.
             Slain by an orc
             ... wielding a +0 falchion
              (4 damage)
             ... on level 3 of the Dungeon.
             The game lasted 00:00:15 (3644 turns).

qw the Chopper (Tengu Warper)                       Turns: 3644, Time: 00:00:15

Health: -2/30      AC:  3    Str: 13    XL:     5   Next: 27%
Magic:  9/9        EV: 14    Int: 13    God:
Gold:   165        SH:  0    Dex: 14    Spells: 8/8 levels left

rFire   . . .      SeeInvis .   Y - +1 war axe
rCold   . . .      Faith    .   (no shield)
rNeg    . . .      Spirit   .   b - +0 leather armour
rPois   .          Reflect  .   (helmet restricted)
rElec   .          Harm     .   (no cloak)
rCorr   .          Rampage  .   (no gloves)
Will    .....                   (boots unavailable)
Stlth   +.........              (no amulet)
HPRegen 0.10/turn               (no ring)
MPRegen 0.11/turn               (no ring)

@: flying quickly and evasively, quick
A: beak, talons 3, nimble flight
a: no special abilities


You were on level 3 of the Dungeon.
You visited 1 branch of the dungeon, and saw 3 of its levels.

You collected 165 gold pieces.


Innate Abilities, Weirdness & Mutations

You have a beak for a mouth.
You have claws for feet.
Your magical nature lets you fly swiftly and evasively.


   Skills:
 - Level 2.0 Fighting
 + Level 5.8 Axes
 - Level 1.0 Throwing
 - Level 1.1 Armour
 - Level 2.1 Dodging
 - Level 2.0 Spellcasting
 - Level 2.4 Translocations


You had 8 spell levels left.
You didn't know any spells.
Your spell library contained the following spells:

 Spells                   Type           Power      Damage    Failure   Level
 Blink                    Tloc           14%        N/A       19%         2
 Gell's Gravitas          Tloc           7%         N/A       36%         3
 Lesser Beckoning         Tloc           7%         N/A       36%         3
 Teleport Other           Tloc           7%         N/A       36%         3
 Manifold Assault         Tloc           7%         N/A       98%         5

Inventory:

Hand Weapons
 j - a +0 flail
 Y - a +1 war axe (weapon)
Armour
 b - a +0 leather armour (worn)
Scrolls
 c - a scroll of immolation {unknown}
 d - a scroll of brand weapon {unknown}
 f - a scroll of identify
 i - a scroll of enchant armour
Potions
 a - a potion of cancellation
 e - a potion of invisibility {unknown}
 g - a potion of curing
 h - a potion of heal wounds {unknown}
 k - a potion of haste {unknown}
 l - a potion of resistance {unknown}

Dungeon Overview and Level Annotations

Branches:
Dungeon (3/15)

Altars:


Message History

Ijyb hits you with a +0 club.
You hit Ijyb.
Ijyb is lightly wounded.
Ijyb hits you but does no damage.
You hit Ijyb but do no damage. You peck Ijyb.
Ijyb is moderately wounded.
Ijyb zaps a wand.
The bolt of dispelling energy hits you!
Ouch! That really hurt!
You barely miss Ijyb. Your kick misses Ijyb.
Ijyb is moderately wounded.
Ijyb barely misses you.
You slash Ijyb! You claw Ijyb, but do no damage. You peck Ijyb.
Ijyb is almost dead.
Ijyb barely misses you.
You closely miss Ijyb. You claw Ijyb.
You kill Ijyb!
The hound misses you.
You miss the hound. The hound bites you. x2
3640 ||| READING scroll of teleportation.
As you read the scroll of teleportation, it crumbles to dust.
You feel strangely unstable. The hound bites you.
You closely miss the hound. You claw the hound, but do no damage.
The hound closely misses you. The hound misses you.
You hit the hound. You claw the hound. Your peck misses the hound.
The hound is moderately wounded.
Your surroundings suddenly seem different.
An iguana and 4 orcs come into view.
Found 15 gold pieces and 5 stones.
The orc shouts! x2
The orc completely misses you. The orc hits you with a +0 club.
You hear a shout! x2
You barely miss the orc. Your kick misses the orc. You closely miss the orc.
You hit the orc but do no damage.
You hear a shout! x2
The orc closely misses you. The orc misses you. The orc barely misses you.
You hit the orc but do no damage. x2; You hit the orc. x2
The orc hits you with a +0 falchion.
You die...

...
#.#
#.#
####
.(.
###
#..#..
#..#.#
#.loo#
#o@#
#.o#
#...
#.###
#$ #.
#. #.


You could see an iguana and 4 orcs.

Vanquished Creatures
  Natasha (twice) (D:2)
  Ijyb (D:3)
  An adder (D:2)
  2 dart slugs
  7 bats
  3 endoplasms
  4 giant cockroaches
  3 goblins
  5 hobgoblins (D:1)
  4 jackals (D:1)
  A quokka (D:3)
  4 ball pythons
  A frilled lizard (D:1)
  10 kobolds
  6 rats
54 creatures vanquished.

Vanquished Creatures (others)
  4 plants (D:1)
4 creatures vanquished.

Grand Total: 58 creatures vanquished

Notes
Turn   | Place    | Note
-------+----------+-------------------------------------------
     0 | D:1      | qw the Tengu Warper began the quest for the Orb.
     0 | D:1      | Reached XP level 1. HP: 12/12 MP: 4/4
     0 | D:1      | 0 ||| qw: Version: 0.1-a-89-g26bdef1
     0 | D:1      | 0 ||| qw: Game counter: 1237
     0 | D:1      | 0 ||| qw: Always use a shield: true
     0 | D:1      | 0 ||| qw: God list: Okawaru
     0 | D:1      | 0 ||| qw: Allow faded altars: false
     0 | D:1      | 0 ||| qw: Do Orc after D:15 true
     0 | D:1      | 0 ||| qw: Do second Lair branch before Depths: true
     0 | D:1      | 0 ||| qw: Lair rune preference: random
     0 | D:1      | 0 ||| qw: Plans: Normal
     0 | D:1      | 0 ||| PLANNING D:1-11
   265 | D:1      | Found a faded altar of an unknown god.
   306 | D:1      | Reached XP level 2. HP: 16/17 MP: 6/6
   337 | D:1      | Reached skill level 3 in Axes
   542 | D:1      | 542 ||| Stepping ~*~*~tactically~*~*~ (stealth).
   618 | D:1      | 618 ||| Stepping ~*~*~tactically~*~*~ (stealth).
   622 | D:1      | 622 ||| Stepping ~*~*~tactically~*~*~ (stealth).
   624 | D:1      | 624 ||| Stepping ~*~*~tactically~*~*~ (stealth).
   674 | D:1      | Reached XP level 3. HP: 21/21 MP: 7/7
   812 | D:1      | 812 ||| Stepping ~*~*~tactically~*~*~ (stealth).
   825 | D:1      | Reached skill level 4 in Axes
  1088 | D:1      | 1088 ||| Stepping ~*~*~tactically~*~*~ (stealth).
  1612 | D:1      | 1612 ||| DROPPING ring of wizardry.
  1613 | D:1      | 1613 ||| READING 2 scrolls labelled VUCSUNKENADD.
  1614 | D:1      | 1614 ||| READING scroll labelled YZISKESIOT.
  1615 | D:1      | 1615 ||| READING scroll labelled DAMOOJ BAAS.
  1616 | D:1      | 1616 ||| DROPPING scroll of magic mapping.
  1617 | D:1      | 1617 ||| DROPPING scroll of blinking.
  2485 | D:2      | 2485 ||| SWAPPING to +0 war axe.
  2486 | D:2      | 2486 ||| DROPPING +0 hand axe.
  2498 | D:2      | Reached XP level 4. HP: 20/26 MP: 8/8
  2826 | D:2      | Noticed Natasha
  2827 | D:2      | 2827 ||| Stepping ~*~*~tactically~*~*~ (hiding).
  2929 | D:2      | 2929 ||| Stepping ~*~*~tactically~*~*~ (hiding).
  3031 | D:2      | 3031 ||| Stepping ~*~*~tactically~*~*~ (hiding).
  3036 | D:2      | Killed Natasha
  3037 | D:2      | Reached skill level 5 in Axes
  3110 | D:2      | Noticed Natasha
  3117 | D:2      | HP: 5/26 [Natasha (3)]
  3118 | D:2      | Killed Natasha
  3468 | D:2      | 3468 ||| READING 2 scrolls labelled UNUNUO WUOH.
  3473 | D:2      | 3473 ||| READING scroll labelled QOOVYU ZUOJ.
  3474 | D:2      | 3474 ||| READING scroll labelled IPE QILUMUI.
  3475 | D:2      | 3475 ||| DRINKING 2 emerald potions.
  3476 | D:2      | 3476 ||| READING 2 scrolls of identify.
  3476 | D:2      | 3476 ||| IDENTIFYING fuming ruby potion
  3485 | D:3      | 3485 ||| STAIRDANCE
  3488 | D:2      | Gained mutation: Your magical nature lets you fly swiftly
                  | and evasively. [Tengu growth]
  3488 | D:2      | Reached XP level 5. HP: 30/30 MP: 9/9
  3512 | D:3      | 3512 ||| DROPPING +3 hand axe.
  3530 | D:3      | 3530 ||| DROPPING +0 whip.
  3632 | D:3      | Noticed Ijyb
  3638 | D:3      | Killed Ijyb
  3639 | D:3      | HP: 7/30 [hound (3)]
  3640 | D:3      | 3640 ||| READING scroll of teleportation.
  3642 | D:3      | HP: 2/30 [orc/+0 club (2)]
  3644 | D:3      | Slain by an orc

Levels and vault maps discovered:
D:1:      psy_arrival_heroes, layout_basic, serial_rivers,
          chequers_serial_rivers_room_b, chequers_serial_rivers_large_b,
          chequers_serial_rivers_micro_b, chequers_serial_rivers_micro_b,
          chequers_serial_rivers_small_b, chequers_serial_rivers_large_a,
          hellmonk_ecumenical_altar_lost_god, minmay_shallow_snake_nest
D:2:      minmay_door_path, layout_loops_corners, uniq_natasha
D:3:      layout_loops_ring, serial_shops, shop, uniq_ijyb

Skill      XL: |  1  2  3  4 |
---------------+-------------+-----
Axes           | 3 4 5 |  5.8
Fighting       | |  2.0
Throwing       | |  1.0
Armour         | |  1.1
Dodging        | |  2.1
Spellcasting   | |  2.0
Translocations | |  2.4

Action                   |  1- 3 |  4- 6 || total
-------------------------+-------+-------++-------
Melee: Hand axe          |   108 |       ||   108
       Kick              |    22 |    14 ||    36
       Peck              |    18 |     4 ||    22
       War axe           |     1 |    35 ||    36
Throw: Boomerang         |     7 |       ||     7
  Use: Scroll            |     3 |     5 ||     8
       Potion            |       |     1 ||     1
Armor: Leather armour    |    28 |     4 ||    32
Dodge: Dodged            |    48 |    23 ||    71

Table legend:
 A = Non-vault XP
 B = Vault XP
 C = Vault XP percentage of total XP
 D = Non-vault monster count
 E = Vault monster count
 F = Vault count percentage of total count
                 A         B        C        D         E       F
            +---------+---------+-------+---------+---------+-------
      Total |     121 |      86 |  41.5 |      49 |       5 |   9.3
            +---------+---------+-------+---------+---------+-------
        D:1 |      54 |       0 |   0.0 |      30 |       0 |   0.0
        D:2 |      59 |      53 |  47.3 |      14 |       4 |  22.2
        D:3 |       8 |      33 |  80.5 |       5 |       1 |  16.7
            +---------+---------+-------+---------+---------+-------
